 Dungeon Crawl Stone Soup version 0.32-a0-22-g6ae6769602 (webtiles) character file.

Game seed: 5484318431788116293

68867 DrKenneth the Tortoise (level 14, -17/132 (137) HPs)
             Began as a Minotaur Fighter on Jan 18, 2024.
             Was the Champion of Makhleb.
             Killed from afar by an orc sorcerer (27 damage)
             ... with a bolt of fire
             ... on level 2 of the Orcish Mines on Jan 19, 2024.
             The game lasted 01:40:59 (20350 turns).

DrKenneth the Tortoise (Minotaur Fighter)          Turns: 20350, Time: 01:40:59

HP:   -17/132 (137) AC: 22    Str: 33    XL:     14   Next: 88%
MP:   21/21         EV:  9    Int:  5    God:    Makhleb [******]
Gold: 1879          SH:  0    Dex: 13    Spells: 13/13 levels left

rFire   . . .        c - +10 executioner's axe of Disaster {flame, rPois Will+ Str+2}
rCold   + . .        (shield currently unavailable)
rNeg    . . .        P - +2 chain mail {rC+}
rPois   +            (helmet restricted)
rElec   .            v - +0 cloak
rCorr   .            U - +1 pair of gloves of Wonder {Dex+3}
SInv    .            u - +0 pair of boots of Ignis's Benevolence {rF- Str+5}
Will    ++...        (no amulet) Stlth
                     V - +4 ring of slaying
HPRegen 0.42/turn    Z - ring "Zycibbes" {Wiz rF+ Stlth+}
MPRegen 0.17/turn

%: wizardry (x1)
@: lightly drained
A: horns 2, retaliatory headbutt
a: Renounce Religion, Minor Destruction, Lesser Servant of Makhleb, Major
Destruction, Greater Servant of Makhleb


You were on level 2 of the Orcish Mines.
You worshipped Makhleb.
Makhleb was exalted by your worship.
You visited 4 branches of the dungeon, and saw 18 of its levels.
You also visited: Ossuary, Bailey and Gauntlet.

You collected 2580 gold pieces.
You spent 701 gold pieces at shops.

Inventory:

Hand Weapons
 a - the +1 flail of Efiposhru {elec, rPois}
   (You found it on level 4 of the Lair of Beasts)

   rPois:     It protects you from poison
 c - the +10 executioner's axe of Disaster (weapon) {flame, rPois Will+ Str+2}
   (You found it in a bailey)

   Str+2:     It affects your strength (+2).
   rPois:     It protects you from poison Will+: It increases your willpower.
 H - a +2 vampiric spear
 J - a +2 flail of protection
 K - a +3 halberd
 L - a +2 bardiche of flaming
Missiles
 O - a throwing net (quivered)
Armour
 u - the +0 pair of boots of Ignis's Benevolence (worn) {rF- Str+5}
   (You found it in a Gauntlet)

   Str+5:     It affects your strength (+5).
   rF-:       It makes you vulnerable to fire.
 v - a +0 cloak (worn)
 I - a +0 kite shield
 P - a +2 chain mail of cold resistance (worn)
 Q - the sphere of Battle
   (You found it on level 9 of the Dungeon)

   Battle:    It summons a battlesphere in combat, with strength depending on
   Conjurations skill.
   Destructive: It enhances your destructive magic, and weakens non-destructive
   magic.
 U - the +1 pair of gloves of Wonder (worn) {Dex+3}
   (You found it in a Gauntlet)

   Dex+3:     It affects your dexterity (+3).
Magical Staves
 p - the staff of the Grinning Vulture {rElec rPois rF+ Fire Ice}
   (You found it in a Gauntlet)

   [staff of fire]

   Base accuracy: +5 Base damage: 5 Base attack delay: 1.2 This weapon's minimum
   attack delay (0.6) is reached at skill level 12.
   rF+:       It protects you from fire.
   rElec:     It insulates you from electricity.
   rPois:     It protects you from poison Fire: It increases the power of your
   Fire spells.
   Ice:       It increases the power of your Ice spells.
   It falls into the 'Staves' category.
   It is a one-handed weapon.
Jewellery
 b - an amulet of guardian spirit
 r - a +6 ring of strength
 R - a ring of see invisible
 T - a ring of willpower
 V - a +4 ring of slaying (left hand)
 Z - the ring "Zycibbes" (right hand) {Wiz rF+ Stlth+}
   (You found it on level 2 of the Lair of Beasts)

   [ring of wizardry]

   Wiz:       It improves your spell success rate.
   rF+:       It protects you from fire.
   Stlth+:    It makes you more stealthy.
Wands
 x - a wand of mindburst (17)
 C - a wand of iceblast (8)
 E - a wand of polymorph (17)
 F - a wand of paralysis (16)
Scrolls
 i - 3 scrolls of teleportation
 k - 2 scrolls of identify
 l - a scroll of poison
 m - a scroll of fog
 n - a scroll of fear
 o - 2 scrolls of enchant weapon
 q - 2 scrolls of brand weapon
 y - a scroll of silence
 z - 6 scrolls of noise
 A - a scroll of acquirement
 M - 5 scrolls of enchant armour
 X - a scroll of summoning
Potions
 d - 2 potions of might
 e - 4 potions of invisibility
 f - 2 potions of cancellation
 g - 6 potions of lignification
 h - 5 potions of curing
 s - 5 potions of mutation
 t - 3 potions of haste
 w - a potion of experience {unknown}
 B - a potion of magic
 D - 2 potions of enlightenment
 G - 2 potions of attraction
 N - a potion of ambrosia
Miscellaneous
 W - a sack of spiders


   Skills:
 + Level 16.2 Fighting
 + Level 15.1(15.5) Axes
 - Level 5.5(11.3) Polearms
 + Level 16.3 Armour
 - Level 10.1 Shields
 + Level 11.2 Invocations


You had 13 spell levels left.
You didn't know any spells.
Your spell library contained the following spells:

 Spells                   Type           Power      Damage    Failure   Level
 Magic Dart               Conj           0%         1d3       45%         1
 Mercury Vapours          Alch/Air       0%         N/A       58%         2
 Searing Ray              Conj           0%         2d4       58%         2
 Mephitic Cloud           Conj/Alch/Air  0%         N/A       80%         3
 Fulminant Prism          Conj/Alch      0%         3d5       99%         4
 Ignite Poison            Fire/Alch      0%         N/A       99%         4
 Sticky Flame             Fire/Alch      0%         2d4       99%         4
 Freezing Cloud           Conj/Ice/Air   0%         6-21      100%        5
 Ignition                 Fire           0%         3d3       100%        8


Dungeon Overview and Level Annotations

Branches:
Dungeon (10/15)            Temple (1/1) D:4            Lair (5/5) D:10
 Shoals (0/4) Lair:3        Snake (0/4) Lair:3        Slime (0/5) Lair:5
    Orc (2/2) D:9         Ossuary (visited)          Bailey (visited)
Gauntlet (visited)
    Elf: Orc:2

Altars:
Ashenzari
Cheibriados
Dithmenos
Elyvilon
Fedhas
Gozag
Hepliaklqana
Kikubaaqudgha
Makhleb
Nemelex Xobeh
Okawaru
Qazlal
Ru
Sif Muna
Trog
Uskayaw
Vehumet
Wu Jian
Xom
Yredelemnul
Zin
The Shining One
Jiyva

Shops:
D:4 ?[   D:9 [   Orc:1 ?   Orc:2 ?!

Portals:
Trove: D:10 (give +4 fire dragon scales)

Annotations:
Lair:1 1 runed translucent door, kickthedead's ghost, journeyman MiBe
Lair:4 2 transporters, Ahar's ghost, journeyman HONe


Innate Abilities, Weirdness & Mutations

You have a pair of horns on your head.
You reflexively headbutt those who attack you in melee.


Message History

You barely miss the kobold blastminer.
Your headbutt misses the kobold blastminer.
Your ynoxinul gestures at the kobold blastminer.
The iron shot hits the kobold blastminer!!
The kobold blastminer blasts its cannon at you.
The iron shot hits you!!
The kobold blastminer hits your ynoxinul!
Your ynoxinul barely misses the kobold blastminer.
The orc sorcerer hits your ynoxinul with a +0 dagger!
The kobold blastminer hits your ynoxinul.
The kobold blastminer blasts its cannon at you.
The iron shot hits you!
* * * LOW HITPOINT WARNING * * *
Your ynoxinul gestures.
Something hits your ynoxinul!
Your ynoxinul dies!
Your ynoxinul disappears in a puff of smoke!
Your ufetubus disappears in a puff of smoke!
Things that are here:
a +0 giant club; a +0 giant spiked club; a two-headed ogre corpse A demon appears!
The kobold blastminer wields a +0 arbalest.
The kobold blastminer shoots a bolt.
The bolt barely misses you.
The orc sorcerer no longer looks unusually strong.
The kobold blastminer shoots a bolt.
The bolt hits you.
* * * LOW HITPOINT WARNING * * *
An orc priest comes into view. It is wielding a +0 dagger.
The kobold blastminer wields a +0 orcbow.
The kobold blastminer shoots an arrow.
The arrow misses your neqoxec. The arrow barely misses you.
The kobold blastminer shoots a bolt.
The bolt misses your neqoxec. The bolt hits you.
* * * LOW HITPOINT WARNING * * *
Your neqoxec gestures at the kobold blastminer.
The kobold blastminer twists and deforms.
The kobold blastminer shoots a bolt.
The bolt hits your neqoxec.
The kobold blastminer shoots an arrow.
The arrow hits you!
* * * LOW HITPOINT WARNING * * *
The orc sorcerer points at you and mumbles some strange words.
The bolt of fire hits you!!
You die...

...... #.ยง.## ## ......####
#o)o# ### #. .........####
##Ko.###.## ............#
###)Ko.#....##
.........)#####.....##.....##
...........).......##.......#
...............3..##........###
............)...###.......)..#.
..............@##....)..)......
..........................#.)).
................).).......#....
................$..............
..................$............
...............................
............................
............................
..........$.................


You could see an orc high priest, 2 kobold blastminers, 2 orc sorcerers, an orc
priest and a friendly neqoxec (summoned).

Vanquished Creatures
  A dire elephant (Gauntlet)
  A minotaur (Gauntlet)
  3 hydras
  A merfolk avatar (Lair:5)
  A catoblepas (Lair:2)
  An ogre mage (Orc:2)
  A boulder beetle (Lair:4)
  2 death yaks (Lair:2)
  A two-headed ogre (Orc:2)
  Urug (Orc:1)
  An orc high priest (Orc:2)
  2 skysharks
  A sea snake (Lair:5)
  A lindwurm (Lair:2)
  4 harpies (Lair:5)
  6 orc knights
  2 orc sorcerers (Orc:2)
  A wolf spider (Lair:1)
  Maurice (D:7)
  3 kobold blastminers (Orc:2)
  23 elephants
  10 black mambas
  23 cane toads
  2 torpor snails (Lair:2)
  15 komodo dragons
  2 tengu conjurers (D:9)
  Psyche (D:8)
  4 rime drakes
  2 trolls
  2 polar bears
  A wind drake (Lair:5)
  17 blink frogs
  A snapping turtle (Lair:5)
  4 dream sheep (Lair:5)
  3 shadows
  A centaur simulacrum (Gauntlet)
  6 wyverns
  32 yaks
  A wraith (D:8)
  6 basilisks
  2 steam dragons
  2 wargs (Orc:2)
  Edmund (D:4)
  An acid dragon (D:5)
  Duvessa (D:7)
  24 water moccasins
  27 orc warriors
  A meliai simulacrum (Gauntlet)
  3 sky beasts (D:7)
  3 black bears
  3 ice beasts
  An ice dragon simulacrum (Gauntlet)
  An ogre (D:5)
  30 wolves
  14 centaurs
  A phantom (D:9)
  14 bullfrogs
  A kobold brigand (D:8)
  2 gnoll sergeants
  16 scorpions
  A wight (D:6)
  Dowan (D:7)
  2 troll zombies (D:9)
  An electric eel (Lair:1)
  2 howler monkeys
  4 bombardier beetles
  4 human zombies (Ossuary)
  6 jellies
  4 gnoll boudas
  7 hounds
  12 orc priests
  8 iguanas
  3 sleepcaps
  5 scorpion zombies (Ossuary)
  Natasha (thrice) (D:4)
  14 orc wizards
  2 hell rats (Lair:2)
  4 ogre zombies (D:9)
  A boggart simulacrum (Gauntlet)
  3 mummies (Ossuary)
  15 gnolls
  13 adders
  A shadow imp (D:7)
  5 white imps
  An adder zombie (Ossuary)
  A dart slug (D:1)
  3 ribbon worms
  89 orcs
  14 endoplasms
  A giant cockroach (D:2)
  5 gnoll zombies
  12 goblins
  11 hobgoblins
  7 kobolds
  4 quokkas
  8 ball pythons
  5 ball python zombies (Ossuary)
  7 bats
  4 frilled lizards
  A gnoll skeleton (D:9)
  A jackal zombie (Ossuary)
  3 orc skeletons (D:9)
  14 orc zombies
  6 rats
657 creatures vanquished.

Vanquished Creatures (collateral kills)
  An orc knight (Orc:2)
  An orc warrior (Orc:2)
  2 orcs (Orc:2)
4 creatures vanquished.

Vanquished Creatures (others)
  An orc priest (Orc:2)
  An orc wizard (Orc:2)
  An orc (D:8)
  A kobold (D:8)
4 creatures vanquished.

Grand Total: 665 creatures vanquished

Notes
Turn   | Place    | Note
-------+----------+-------------------------------------------
     0 | D:1      | DrKenneth the Minotaur Fighter began the quest for the Orb.
     0 | D:1      | Reached XP level 1. HP: 19/19 MP: 0/0
   137 | D:1      | Reached XP level 2. HP: 21/27 MP: 1/1
   513 | D:1      | Reached XP level 3. HP: 33/33 MP: 2/2
   859 | D:2      | Reached XP level 4. HP: 40/40 MP: 3/3
  1434 | D:3      | Noticed a black bear
  1448 | D:3      | Killed a black bear
  1449 | D:3      | Reached XP level 5. HP: 39/47 MP: 4/4
  1521 | D:3      | Found a blossoming altar of Fedhas.
  1902 | D:3      | Found a glowing golden altar of the Shining One.
  1920 | D:3      | Reached skill level 5 in Fighting
  1920 | D:3      | Reached skill level 5 in Armour
  1920 | D:3      | Reached skill level 5 in Shields
  2221 | D:4      | Found a staircase to the Ecumenical Temple.
  2263 | D:4      | Reached XP level 6. HP: 4/56 MP: 5/5
  2453 | D:4      | Found Jeipn's Magic Scroll Boutique.
  2594 | D:4      | Found Caskaxku's Armour Emporium.
  2683 | D:4      | Found a sand-covered staircase.
  2686 | D:4      | Noticed Natasha
  2690 | Ossuary  | Entered an ossuary
  2742 | Ossuary  | Reached skill level 5 in Axes
  2742 | Ossuary  | Reached XP level 7. HP: 62/62 MP: 6/6
  2943 | Ossuary  | Reached XP level 8. HP: 35/71 MP: 7/7
  3307 | D:4      | Killed Natasha
  3334 | D:4      | Noticed Edmund
  3348 | D:4      | Killed Edmund
  3460 | D:4      | Noticed Natasha
  3468 | D:4      | Killed Natasha
  3527 | D:4      | Noticed Natasha
  3536 | D:4      | Killed Natasha
  3642 | D:4      | Found a glowing silver altar of Zin.
  3846 | D:4      | Bought a scroll of enchant weapon for 75 gold pieces
  3974 | Temple   | Entered the Ecumenical Temple
  3994 | Temple   | Became a worshipper of Makhleb the Destroyer
  4143 | D:5      | Entered Level 5 of the Dungeon
  4439 | D:5      | Reached XP level 9. HP: 50/81 MP: 8/8
  4739 | D:5      | Reached * piety under Makhleb
  5182 | D:5      | Reached skill level 1 in Polearms
  6135 | D:7      | Reached ** piety under Makhleb
  6152 | D:7      | Found a flagged portal.
  6152 | D:7      | Noticed Dowan
  6154 | D:7      | Noticed Duvessa
  6161 | D:7      | Killed Duvessa
  6169 | D:7      | Killed Dowan
  6197 | Bailey   | Entered a bailey
  6437 | Bailey   | Reached XP level 10. HP: 38/91 MP: 9/9
  8265 | Bailey   | Reached skill level 5 in Polearms
  8305 | Bailey   | Reached skill level 10 in Shields
  8320 | Bailey   | Reached skill level 10 in Armour
  8334 | Bailey   | Reached *** piety under Makhleb
  8335 | Bailey   | Reached skill level 10 in Fighting
  8410 | Bailey   | Identified the +10 executioner's axe of Disaster {flame,
                  | rPois Will+ Str+2}
  8918 | D:7      | Noticed Maurice
  8925 | D:7      | Something stole a +1 bardiche of flaming
  8926 | D:7      | Something stole a +0 kite shield
  8927 | D:7      | Killed Maurice
  8928 | D:7      | Reached skill level 1 in Invocations
  9196 | D:7      | Found a faded altar of an unknown god.
 10076 | D:8      | Noticed Psyche
 10083 | D:8      | Killed Psyche
 10096 | D:8      | Found a shadowy altar of Dithmenos.
 10572 | D:9      | Found a hide-covered altar of Uskayaw.
 10593 | D:9      | Found a snail-covered altar of Cheibriados.
 10640 | D:9      | Reached **** piety under Makhleb
 10667 | D:9      | Found Yhulligh's Antique Armour Shop.
 10673 | D:9      | Bought a shiny chain mail for 285 gold pieces
 10716 | D:9      | Found the sphere of Battle
 10723 | D:9      | Reached XP level 11. HP: 57/101 MP: 12/12
 10945 | D:9      | Found a staircase to the Orcish Mines.
 11274 | D:9      | Found a sacrificial altar of Ru.
 11697 | D:10     | Entered Level 10 of the Dungeon
 11923 | D:10     | Found a staircase to the Lair.
 11937 | D:10     | Found a portal to a secret trove of treasure.
 12199 | D:10     | Identified the staff of Uvereh {^Fragile rN+ Dex+3 Summ
                  | Necro Alchemy}
 12345 | Lair:1   | Entered Level 1 of the Lair of Beasts
 12372 | Lair:1   | Found a gate leading to a gauntlet.
 12375 | Lair:1   | Reached ***** piety under Makhleb
 12384 | Gauntlet | Entered a Gauntlet
 12384 | Gauntlet | Found a transporter.
 12387 | Gauntlet | Found a transporter.
 12404 | Gauntlet | Found a transporter.
 12408 | Gauntlet | Found a transporter.
 12411 | Gauntlet | Noticed a wolf spider
 12418 | Gauntlet | Found a transporter.
 12435 | Gauntlet | Noticed an entropy weaver
 12436 | Gauntlet | Found a runed translucent door.
 12440 | Gauntlet | Found a transporter.
 12452 | Gauntlet | Found a transporter.
 12469 | Gauntlet | Found a transporter.
 12473 | Gauntlet | Found a transporter.
 12476 | Gauntlet | Noticed a death yak
 12476 | Gauntlet | Noticed a death yak
 12477 | Gauntlet | Noticed a death yak
 12477 | Gauntlet | Noticed a death yak
 12481 | Gauntlet | Found a transporter.
 12497 | Gauntlet | Noticed a dire elephant
 12503 | Gauntlet | Found a transporter.
 12507 | Gauntlet | Found a transporter.
 12604 | Gauntlet | HP: 5/102 [dire elephant (1)]
 12610 | Gauntlet | Killed a dire elephant
 12611 | Gauntlet | Reached skill level 10 in Axes
 12611 | Gauntlet | Reached skill level 5 in Invocations
 12826 | Gauntlet | Identified the +0 pair of boots of Ignis's Benevolence {rF-
                  | Str+5}
 12915 | Gauntlet | Identified the staff of the Grinning Vulture {rElec rPois
                  | rF+ Fire Ice}
 12917 | Gauntlet | Identified the +1 pair of gloves of Wonder {Dex+3}
 12956 | Gauntlet | Noticed a minotaur
 12960 | Gauntlet | Killed a minotaur
 13124 | Lair:1   | Identified a scroll of acquirement
 13163 | Lair:1   | Noticed a wolf spider
 13165 | Lair:1   | Reached XP level 12. HP: 89/112 MP: 15/15
 13759 | Lair:1   | Found a runed translucent door.
 13761 | Lair:1   | Noticed kickthedead's ghost (journeyman MiBe)
 13761 | Lair:1   | Identified the +5 spear "Panuck" {freeze, rC+ Str-5 SInv}
 14535 | Lair:2   | Noticed a seven-headed hydra
 14540 | Lair:2   | Killed a four-headed hydra
 14864 | Lair:2   | Noticed a five-headed hydra
 14867 | Lair:2   | Killed a four-headed hydra
 14927 | Lair:2   | Reached XP level 13. HP: 123/123 MP: 16/18
 15449 | Lair:2   | Reached ****** piety under Makhleb
 15517 | Lair:2   | Identified the ring "Zycibbes" {Wiz rF+ Stlth+}
 16138 | Lair:3   | Found a staircase to the Snake Pit.
 16363 | Lair:3   | Found a staircase to the Shoals.
 17100 | Lair:4   | Identified the +1 flail of Efiposhru {elec, rPois}
 17202 | Lair:4   | Found a transporter.
 17202 | Lair:4   | Noticed Ahar's ghost (journeyman HONe)
 17221 | Lair:4   | Found a transporter.
 17396 | Lair:4   | Reached skill level 15 in Armour
 17650 | Lair:5   | Entered Level 5 of the Lair of Beasts
 17698 | Lair:5   | Reached skill level 15 in Fighting
 17710 | Lair:5   | Reached XP level 14. HP: 135/135 MP: 20/20
 17819 | Lair:5   | Found a staircase to the Slime Pits.
 17819 | Lair:5   | Found a viscous altar of Jiyva.
 17904 | Lair:5   | Reached skill level 10 in Invocations
 18651 | Lair:5   | Identified the +5 trident "Uzoppy" {venom, rF+}
 19352 | Orc:1    | Entered Level 1 of the Orcish Mines
 19353 | Orc:1    | Noticed Urug
 19353 | Orc:1    | Found Sigenn's Magic Scroll Shop.
 19354 | Orc:1    | You fall into a shaft and drop 1 floor!
 19354 | Orc:2    | Entered Level 2 of the Orcish Mines
 19416 | Orc:2    | Found Zaopaemm's Magic Scroll Boutique.
 19464 | Orc:1    | Killed Urug
 19488 | Orc:1    | Noticed an orc warlord
 19495 | Orc:2    | Acquired 847 gold pieces
 19814 | Orc:2    | Bought a scroll of enchant armour for 90 gold pieces
 19814 | Orc:2    | Bought 2 scrolls of teleportation for 72 gold pieces
 19814 | Orc:2    | Bought a scroll of teleportation for 36 gold pieces
 19836 | Orc:2    | Found Qiseroc's Distillery.
 19841 | Orc:2    | Bought a potion of curing for 33 gold pieces
 19841 | Orc:2    | Bought a potion of haste for 110 gold pieces
 19935 | Orc:2    | Reached skill level 15 in Axes
 20350 | Orc:2    | Killed from afar by an orc sorcerer

Illustrated notes

Levels and vault maps discovered:
D:1:      amcnicky_arrival_choice, layout_rooms, st_stairs_4, minivault_19,
          minmay_tromino_i2
D:2:      layout_loops_ring, kennysheep_generic_room_5
D:3:      layout_loops_corners, mainiacjoe_overflow_boulevard,
          mainiacjoe_overflow_six_doors_small
D:4:      layout_loops_ring, zin_scriptorium, temple_statues, serial_shops,
          nicolae_shop_peninsula, nicolae_shop_tiny_real_fake_doors,
          lightli_ossuary_entry_decrepit_ruins, st_stairs_9,
          minmay_misc_feat_columns, uniq_edmund, uniq_natasha
D:5:      minmay_thinvault, layout_loops_ring
D:6:      minmay_chambers_of_threes, layout_basic, nrook_mini_vaults
D:7:      layout_cave_pods, enter_bailey_3, serial_column_ruins,
          column_ruins_temple_hut, column_ruins_columns_dead_end,
          column_ruins_grid_4, column_ruins_open_tiny,
          column_ruins_corridor_straight, uniq_duvessa, uniq_maurice
D:8:      layout_loops_corners, grunt_dithmenos_smoke_and_mirrors,
          wad_floor_pattern_untrapped, kennysheep_generic_room_11, uniq_psyche
D:9:      layout_gridville, cheibrodos_worm_habitat, nicolae_ru_path_of_blood,
          mainiacjoe_overflow_alcove_2, zombieorc1_lemuel, serial_shops,
          nicolae_shop_overgrown_old_shop,
          hellmonk_guarded_unrand_sphere_of_battle
D:10:     layout_loops_ring, lair_entry_dummy, enter_trove_1
Temple:   hellmonk_temple_of_storms
Lair:1:   layout_gridlike, ebering_ghost_funeral_grove, gauntlet_entry_generic,
          nicolae_lair_run_with_the_wolves
Lair:2:   nzn_winding_woodlands_large [nzn_winding_woodlands_5x5_closed_star,
          nzn_winding_woodlands_5x15_longhouse, nzn_winding_woodlands_hourglass,
          nzn_winding_woodlands_center_pierced_h,
          nzn_winding_woodlands_15x15_killbox,
          nzn_winding_woodlands_center_diamonds,
          nzn_winding_woodlands_5x5_perimeter,
          nzn_winding_woodlands_5x15_zeroes,
          nzn_winding_woodlands_5x5_open_star], layout_regular_city
Lair:3:   layout_hall_layers, shoals_dummy_entry, dummy_snake_entry,
          grunt_megastairs_1
Lair:4:   layout_small_grid, gammafunk_ghost_arena
Lair:5:   gammafunk_lair_ancient_temple, layout_regular_city,
          nicolae_slime_entry_slimehenge
Orc:1:    layout_diamond_mine, serial_shops, nicolae_shop_rolling_square,
          portal_ice_cave_rime, nicolae_orc_crystal_seam, uniq_urug
Orc:2:    grunt_orc_tribal_feast, layout_caves, serial_shops, shop,
          nicolae_shop_bloodbath_and_beyond, nicolae_shop_overgrown_old_shop,
          shop, mines2_david

Skill      XL: |  1  2  3  4  5  6  7  8  9 10 11 12 13 14 |
---------------+-------------------------------------------+-----
Armour         | 4 5 6 8 9 10 12 13 15 16 | 16.3
Fighting       | 4 5 6 8 9 10 12 13 15 16 | 16.2
Shields        | 4 5 6 8 9 10 | 10.1
Axes           | 3 4 5 6 7 8 10 12 13 15 | 15.1
Polearms       | 4 5 |  5.5
Invocations    | 3 5 8 9 11 | 11.2

Action                     |  1- 3 |  4- 6 |  7- 9 | 10-12 | 13-15 || total
---------------------------+-------+-------+-------+-------+-------++-------
  Melee: War axe           |    74 |   107 |   236 |       |       ||   417
         Headbutt          |     7 |    14 |    81 |    79 |    67 ||   248
         Unarmed           |       |       |    25 |       |       ||    25
         Spear             |       |       |   254 |   266 |       ||   520
         Executioner's axe |       |       |       |   307 |   397 ||   704
 Invoke: Lesser Servant of |       |       |       |       |     3 ||     3
  Evoke: Wand              |       |       |       |       |     3 ||     3
    Use: Scroll            |       |       |     8 |    19 |     9 ||    36
         Potion            |       |       |       |    10 |     5 ||    15
 Armour: Scale mail        |    49 |    72 |   320 |   288 |       ||   729
         Skin              |       |     1 |     4 |    42 |       ||    47
         Chain mail        |       |       |       |   323 |   468 ||   791
  Dodge: Dodged            |    35 |    41 |   180 |   312 |   200 ||   768
  Block: Buckler           |    21 |    29 |    53 |       |       ||   103
         Kite shield       |       |       |   135 |   171 |       ||   306

Table legend: (Time is in decaauts)
 A = Elapsed time spent in this place.
 B = Non-inter-level travel time spent in this place.
 C = Inter-level travel time spent in this place.
 D = Time resting spent in this place.
 E = Time spent auto-exploring this place.
 F = Levels seen in this place.
 G = Mean time per level.
                   A        B        C        D        E       F      G
               +--------+--------+--------+--------+--------+-----+--------+
         Total |  20621 |  18721 |   1900 |   3283 |  10685 |  21 |  982.0 |
       Dungeon |   9477 |   8646 |    831 |    340 |   6522 |  10 |  947.7 |
        Temple |     45 |      2 |     43 |      0 |      0 |   1 |   45.0 |
          Lair |   6404 |   5431 |    973 |    876 |   3351 |   5 | 1280.8 |
  Orcish Mines |   1012 |    960 |     52 |    278 |    252 |   2 |  506.0 |
       Ossuary |    639 |    639 |      0 |    147 |    141 |   1 |  639.0 |
        Bailey |   2314 |   2314 |      0 |   1403 |    147 |   1 | 2314.0 |
      Gauntlet |    727 |    727 |      0 |    239 |    271 |   1 |  727.0 |
               +--------+--------+--------+--------+--------+-----+--------+

Top non-repeatable levels by time:
  Bailey: 2314 daAuts
  Lair:2: 1783 daAuts
  Lair:5: 1486 daAuts
  Lair:1: 1329 daAuts
     D:4: 1300 daAuts
     D:9: 1281 daAuts
     D:5: 1271 daAuts
     D:8: 1214 daAuts
   Orc:2: 949 daAuts
  Lair:4: 934 daAuts
  Lair:3: 871 daAuts
     D:3: 869 daAuts
     D:7: 789 daAuts
Gauntlet: 727 daAuts
     D:2: 723 daAuts
